 Dungeon Crawl Stone Soup version 0.31-a0-222-gefeffbb62a (webtiles) character file.

Game seed: 16437495419165448647

37 innerfire43 the Trooper (level 3, -1/29 HPs)
             Began as a Demonspawn Monk on July 5, 2023.
             Slain by Terence
             ... wielding a +0 flail
              (8 damage)
             ... on level 2 of the Dungeon.
             The game lasted 00:01:51 (1554 turns).

innerfire43 the Trooper (Demonspawn Monk)           Turns: 1554, Time: 00:01:52

Health: -1/29      AC:  2    Str: 13    XL:     3   Next: 23%
Magic:  3/3        EV: 13    Int: 11    God:
Gold:   66         SH:  0    Dex: 15    Spells: 2/2 levels left

rFire   . . .        a - +0 hand axe
rCold   . . .        d - orb {light}
rNeg    . . .        b - +0 robe
rPois   +            (helmet restricted)
rElec   .            (no cloak)
rCorr   +            (no gloves)
SInv    .            (no boots)
Will    .....        n - amulet of faith
Stlth   +            r - ring of poison resistance
HPRegen 0.24/turn    p - ring of resist corrosion
MPRegen 0.08/turn

%: faith
@: confused, ambrosia-drunk, glowing
A: antennae 1, powered by death 1
a: no special abilities


You were on level 2 of the Dungeon.
You visited 1 branch of the dungeon, and saw 2 of its levels.

You collected 66 gold pieces.

Inventory:

Hand Weapons
 a - a +0 hand axe (weapon)
Armour
 b - a +0 robe (worn)
 d - an orb of light (worn)
 l - a +0 helmet
 q - a +0 chain mail
Jewellery
 n - an amulet of faith (around neck)
 p - a ring of resist corrosion (right hand)
 r - a ring of poison resistance (left hand)
Scrolls
 e - 2 scrolls of poison {unknown}
 j - a scroll of enchant armour {unknown}
 o - a scroll of immolation {unknown}
Potions
 f - a potion of curing {unknown}
 g - a potion of lignification {unknown}
 h - a potion of heal wounds {unknown}
 i - a potion of degeneration {unknown}
 k - 2 potions of enlightenment {unknown}
 m - a potion of resistance {unknown}


   Skills:
 + Level 3.5 Fighting
 + Level 3.1 Axes
 + Level 3.1 Dodging


You had 2 spell levels left.
You didn't know any spells.
Your spell library contained the following spells:

 Spells                   Type           Power      Damage    Failure   Level
 Sandblast                Erth           0%         2d4       34%         1
 Passwall                 Tmut/Erth      0%         N/A       47%         2
 Stone Arrow              Conj/Erth      0%         3d7       71%         3


Dungeon Overview and Level Annotations

Branches:
Dungeon (2/15)

Altars:

Annotations:
D:2 Terence


Innate Abilities, Weirdness & Mutations

You have a pair of small antennae on your head.
You regenerate a little health from kills.


Message History

Terence is nearby!
You hit Terence.
Terence is lightly wounded.
Terence hits you with a +0 flail!
You are too injured to fight recklessly!
You are too injured to fight recklessly!
You hit Terence.
Terence is moderately wounded.
Terence barely misses you.
Unknown command.
You hit Terence but do no damage.
Terence is moderately wounded.
Terence hits you with a +0 flail.
* * * LOW HITPOINT WARNING * * *
You are confused.
You feel invigorated. Terence hits you with a +0 flail.
* * * LOW HITPOINT WARNING * * *
You hit Terence.
Terence is severely wounded.
Terence hits you with a +0 flail.
* * * LOW HITPOINT WARNING * * *
Unknown command.
You bump into the rock wall.
Terence bares his teeth.
Terence hits you with a +0 flail.
You're too confused to move!
Terence hits you with a +0 flail!
* * * LOW HITPOINT WARNING * * *
Unknown command.
Terence hits you with a +0 flail!
* * * LOW HITPOINT WARNING * * *
Unknown command.
You bump into the rock wall.
Terence barely misses you.
You hit Terence but do no damage.
Terence is severely wounded.
Terence hits you with a +0 flail!
* * * LOW HITPOINT WARNING * * *
Terence closely misses you.
Unknown command.
You bump into the rock wall.
Terence hits you with a +0 flail!
You die...

. #.. ######## ....
###......###.....
#........@.......
#.#.#####@##.#..
#....## #.# #.....#
#.# #.....# #.#
#.....###.#
#.........#
#####.##### ##+#
#.# ##...##
####.#######....>##
##


You could see Terence.

Vanquished Creatures
  A gnoll (D:1)
  A worm (D:2)
  8 bats
  2 endoplasms (D:1)
  4 hobgoblins
  2 kobolds (D:1)
  3 ball pythons
  A frilled lizard (D:1)
  A goblin (D:1)
  2 rats (D:1)
25 creatures vanquished.

Notes
Turn   | Place    | Note
-------+----------+-------------------------------------------
     0 | D:1      | innerfire43 the Demonspawn Monk began the quest for the
                  | Orb.
     0 | D:1      | Reached XP level 1. HP: 18/18 MP: 1/1
   416 | D:1      | Gained mutation: You regenerate a little health from kills.
                  | [demonic ancestry]
   416 | D:1      | Reached XP level 2. HP: 16/24 MP: 2/2
   765 | D:1      | Discovered your monstrous ancestry.
   765 | D:1      | Gained mutation: You have a pair of small antennae on your
                  | head. [demonic ancestry]
   765 | D:1      | Reached XP level 3. HP: 29/29 MP: 3/3
   775 | D:1      | Found a faded altar of an unknown god.
  1538 | D:2      | Noticed Terence
  1554 | D:2      | Slain by Terence

Illustrated notes

Levels and vault maps discovered:
D:1:      dpeg_arrival_castle, layout_loops_ring,
          shapermc_ecumenical_altar_mp_urbaneastern, serial_forest,
          infiniplex_forest_clump_diagonal, infiniplex_forest_fountain,
          infiniplex_forest_join, infiniplex_forest_clump_curved,
          infiniplex_forest_end_3, infiniplex_forest_lined_corner,
          infiniplex_forest_clump_double, dreamdust_mushroom_princess,
          serial_bayou_pond_e
D:2:      layout_loops_corners, uniq_robin, uniq_terence

Skill      XL: |  1  2 |
---------------+-------+-----
Axes           | 3 |  3.1
Dodging        | 3 |  3.1
Fighting       | |  3.5

Action                     || total
---------------------------++-------
  Melee: Hand axe          ||    87
    Use: Scroll            ||     2
         Potion            ||     1
 Armour: Robe              ||    17
  Dodge: Dodged            ||    58

Table legend: (Time is in decaauts)
 A = Elapsed time spent in this place.
 B = Non-inter-level travel time spent in this place.
 C = Inter-level travel time spent in this place.
 D = Time resting spent in this place.
 E = Time spent auto-exploring this place.
 F = Levels seen in this place.
 G = Mean time per level.
                   A        B        C        D        E       F      G
               +--------+--------+--------+--------+--------+-----+--------+
         Total |   1568 |   1373 |    195 |      0 |   1155 |   2 |  784.0 |
       Dungeon |   1568 |   1373 |    195 |      0 |   1155 |   2 |  784.0 |
               +--------+--------+--------+--------+--------+-----+--------+

Top non-repeatable levels by time:
     D:1: 1251 daAuts
     D:2: 316 daAuts
